 Dungeon Crawl Stone Soup version 0.25.1-2-g60ff931df9 (webtiles) character file.

Game seed: 18022419860840106521

267 Ijustatesigmund the Chopper (level 6, -5/44 HPs)
             Began as an Octopode Fighter on Sept 3, 2020.
             Killed from afar by an orc wizard (10 damage)
             ... with a puff of frost
             ... on level 3 of the Dungeon.
             The game lasted 00:03:39 (2400 turns).

Ijustatesigmund the Chopper (Octopode Fighter)      Turns: 2400, Time: 00:03:40

Health: -5/44      AC:  1    Str: 15    XL:     6   Next: 21%
Magic:  6/6        EV: 12    Int: 10    God:
Gold:   176        SH:  9    Dex: 14    Spells: 5/5 levels left

rFire    + . .     SeeInvis .   a - +0 war axe
rCold    . . .     Gourm    .   b - +0 kite shield
rNeg     . . .     Faith    .   (helmet restricted)
rPois    .         Spirit   .   o - amulet of inaccuracy (curse)
rElec    .         Reflect  .   n - ring of protection from fire
rCorr    .         Harm     .   (no ring)
MR       .....                  (no ring)
Stlth    ++........             (no ring)
HPRegen  0.14/turn              (no ring)
MPRegen  0.10/turn              (no ring)
                                (no ring)
                                (no ring)

@: no status effects
A: almost no armour, stealthy swim, amphibious, 8 rings, constrict 8, camouflage
1, gelatinous body 1
a: no special abilities


You were on level 3 of the Dungeon.
You were hungry.

You visited 1 branch of the dungeon, and saw 4 of its levels.

You collected 176 gold pieces.

Inventory:

Hand Weapons
 a - a +0 war axe (weapon)
Missiles
 e - 19 poisoned darts (quivered)
Armour
 b - a +0 kite shield (worn)
Jewellery
 n - a ring of protection from fire (left tentacle)
 o - a cursed amulet of inaccuracy (around mantle)
Wands
 l - a wand of iceblast (13)
Scrolls
 h - 2 scrolls of teleportation
Potions
 c - a potion of might
 f - a potion of lignification
 i - 3 potions of haste
 j - a potion of resistance
 k - a potion of heal wounds {unknown}
 m - a potion of brilliance {unknown}
Comestibles
 d - 6 rations


   Skills:
 + Level 4.7 Fighting
 + Level 5.1 Axes
 - Level 3.0 Dodging
 - Level 3.0 Shields


You had 5 spell levels left.
You didn't know any spells.
Your spell library was empty.

Dungeon Overview and Level Annotations

Branches:
Dungeon (4/15)
 Temple: D:4-7

Altars:

Annotations:
D:4 3 runed translucent doors


Innate Abilities, Weirdness & Mutations

You cannot wear most types of armour.
You are very stealthy in the water. (Stealth+)
You are amphibious.
You can wear up to eight rings at the same time.
You can use your tentacles to constrict eight enemies at once.
Your skin changes colour to match your surroundings (Stealth+).
Your rubbery body absorbs attacks. (AC +1, EV +1)


Message History

You miss the orc wizard. You constrict the orc wizard.
The orc wizard hits you with a +0 dagger.
The orc wizard points at you and mumbles some strange words.
The magic dart hits you!
* * * LOW HITPOINT WARNING * * *
The orc wizard hits you but does no damage.
You feel better.
You constrict the orc wizard.
You kill the orc wizard!
The orc wizard hits you but does no damage.
You miss the orc wizard. Your grab misses the orc wizard.
Your squeeze misses the orc wizard.
The orc wizard hits you with a +0 dagger.
* * * LOW HITPOINT WARNING * * *
You block the orc wizard's attack.
You closely miss the orc wizard. Your grab misses the orc wizard.
The orc wizard hits you with a +0 dagger.
* * * LOW HITPOINT WARNING * * *
The orc wizard points at you and mumbles some strange words.
The puff of frost hits you!
You die...

.# #.# #.# #
...#######.###.## ....
...#............# .###
#.##......).....#
#.##.####.))...!#
#.##.# #..###..# #.##.#
#).# #..# #######)##.#
#..# #..# ......)@...#
##.?# #..#
###.###o#†.###...###..#
#.#.............#
..#..###†..###.##
...#(.# ##.## ###.....
..# ........ ...
.......########
########


You could see an orc wizard (fast).

Vanquished Creatures
  An orc priest (D:3)
  3 orc wizards (D:3)
  2 worker ants (D:4)
  3 adders
  2 worms (D:3)
  A dart slug (D:2)
  3 leopard geckos
  9 orcs (D:3)
  A ball python (D:2)
  6 bats
  5 goblins
  5 hobgoblins
  7 jackals
  3 frilled lizards
  7 kobolds
  A quokka skeleton (D:4)
  7 rats
66 creatures vanquished.

Notes
Turn   | Place    | Note
-------+----------+-------------------------------------------
     0 | D:1      | Ijustatesigmund the Octopode Fighter began the quest for
                  | the Orb.
     0 | D:1      | Reached XP level 1. HP: 16/16 MP: 1/1
   217 | D:1      | Reached XP level 2. HP: 21/21 MP: 2/2
   595 | D:1      | Reached skill level 3 in Axes
   650 | D:1      | Reached XP level 3. HP: 22/26 MP: 3/3
  1279 | D:2      | Reached XP level 4. HP: 26/32 MP: 4/4
  1385 | D:2      | You fall into a shaft and drop 2 floors!
  1414 | D:4      | Reached skill level 4 in Axes
  1582 | D:4      | Found a runed translucent gate.
  1582 | D:4      | Found a runed translucent gate.
  1584 | D:4      | Found a runed translucent gate.
  1682 | D:3      | Reached XP level 5. HP: 32/37 MP: 5/5
  2396 | D:3      | Reached skill level 5 in Axes
  2396 | D:3      | Reached XP level 6. HP: 20/44 MP: 6/6
  2400 | D:3      | Killed from afar by an orc wizard

Illustrated notes

Levels and vault maps discovered:
D:1:      zaba_arrival_water, layout_loops_ring
D:2:      layout_basic, minmay_distorted
D:3:      layout_loops_ring, first_ration
D:4:      layout_loops_ring, yredelemnul_altar_generic, minitemple,
          gammafunk_ghost_split

Skill      XL: |  1  2  3  4  5 |
---------------+----------------+-----
Axes           | 3 4 5 |  5.1
Fighting       | 4 |  4.7
Dodging        | |  3.0
Shields        | |  3.0

Action                   |  1- 3 |  4- 6 || total
-------------------------+-------+-------++-------
Melee: War axe           |    67 |    61 ||   128
       Constrict         |    18 |    17 ||    35
       Tentacles         |    10 |     9 ||    19
  Use: Scroll            |     5 |     3 ||     8
       Potion            |       |     2 ||     2
 Stab: Sleeping          |     7 |     6 ||    13
  Eat: Chunk             |     1 |     3 ||     4
Armor: Skin              |     6 |     1 ||     7
Dodge: Dodged            |    30 |    30 ||    60
Block: Kite shield       |    28 |    28 ||    56
